 Dungeon Crawl Stone Soup version 0.29.0-4-gdea44cf6ec (webtiles) character file.

Game seed: 10454659464910389041

36 qw the Chopper (level 3, 0/21 HPs)
             Began as a Tengu Warper on Aug 28, 2022.
             Succumbed to an adder's poison
             ... on level 2 of the Dungeon.
             The game lasted 00:00:04 (1105 turns).

qw the Chopper (Tengu Warper)                       Turns: 1105, Time: 00:00:04

Health: 0/21       AC:  5    Str: 13    XL:     3   Next: 37%
Magic:  7/7        EV: 11    Int: 13    God:
Gold:   33         SH:  0    Dex: 13    Spells: 6/6 levels left

rFire   . . .      SeeInvis .   Y - +0 hand axe
rCold   . . .      Faith    .   (no shield)
rNeg    . . .      Spirit   .   d - +0 ring mail
rPois   .          Reflect  .   (helmet restricted)
rElec   .          Harm     .   (no cloak)
rCorr   .          Rampage  .   (no gloves)
Will    .....                   (boots unavailable)
Stlth   +.........              (no amulet)
HPRegen 0.07/turn               (no ring)
MPRegen 0.10/turn               (no ring)

@: lethally poisoned (0 -> -2)
A: beak, talons 3
a: no special abilities


You were on level 2 of the Dungeon.
You visited 1 branch of the dungeon, and saw 2 of its levels.

You collected 33 gold pieces.


Innate Abilities, Weirdness & Mutations

You have a beak for a mouth.
You have claws for feet.


   Skills:
 - Level 2.0 Fighting
 + Level 4.1 Axes
 - Level 1.0 Throwing
 - Level 1.1 Armour
 - Level 2.1 Dodging
 - Level 2.0 Spellcasting
 - Level 2.4 Translocations


You had 6 spell levels left.
You didn't know any spells.
Your spell library contained the following spells:

 Spells                   Type           Power      Damage    Failure   Level
 Blink                    Tloc           14%        N/A       30%         2
 Gell's Gravitas          Tloc           7%         N/A       52%         3
 Lesser Beckoning         Tloc           7%         N/A       52%         3
 Teleport Other           Tloc           7%         N/A       52%         3
 Manifold Assault         Tloc           7%         N/A       99%         5

Inventory:

Hand Weapons
 g - a +0 flail
 Y - a +0 hand axe (weapon)
Armour
 d - a +0 ring mail (worn)
Scrolls
 a - a scroll of identify
Potions
 b - a potion of haste {unknown}
 f - a potion of berserk rage {unknown}

Dungeon Overview and Level Annotations

Branches:
Dungeon (2/15)

Altars:


Message History

The adder is severely wounded.
You miss the quokka. The adder closely misses you.
The quokka closely misses you. The adder bites you.
You barely miss the adder.
The adder is severely wounded.
You miss the quokka. The quokka barely misses you. The adder bites you.
You are poisoned.
The adder poisons you! The quokka barely misses you.
You miss the adder. Your kick misses the adder.
You peck the adder, but do no damage.
The adder is severely wounded.
You barely miss the quokka.
You feel sick. The adder bites you.
You are more poisoned.
The adder poisons you! The quokka closely misses you.
You closely miss the adder.
The adder is severely wounded.
You closely miss the quokka.
You feel sick. The adder bites you.
You are lethally poisoned!
The adder poisons you! The quokka misses you. The adder completely misses you.
You hit the adder.
You kill the adder!
You closely miss the quokka.
You feel sick. The quokka bites you.
The quokka bites you but does no damage.
Your Axes skill increases to level 4!
You hit the quokka.
You kill the quokka!
You feel sick.
There is a lethal amount of poison in your body!
You feel sick.
There is a lethal amount of poison in your body!
You feel sick.
There is a lethal amount of poison in your body!
You feel sick.
There is a lethal amount of poison in your body!
You die...

#.## ##.## ..# #.:.#
.<# #...# #.#
#...### #.# #..... .
##.#######...##.##
###...#......%......
#...........@.......
#.#####.............
#.# #.##.#........
#.# #.##.#...#.###
#.# #.##.#...# #
#.#####.##.#...#
#.......##...... #
##.##########<### #
#.# ..


There were no monsters in sight!

Vanquished Creatures
  A gnoll (D:1)
  An adder (D:2)
  2 ball pythons (D:1)
  2 endoplasms (D:1)
  2 giant cockroaches (D:1)
  2 hobgoblins (D:1)
  3 kobolds (D:1)
  A quokka (D:2)
  A frilled lizard (D:1)
  A rat (D:1)
16 creatures vanquished.

Notes
Turn   | Place    | Note
-------+----------+-------------------------------------------
     0 | D:1      | qw the Tengu Warper began the quest for the Orb.
     0 | D:1      | Reached XP level 1. HP: 12/12 MP: 4/4
     0 | D:1      | 0 ||| qw: Version: 0.1-a-89-g26bdef1
     0 | D:1      | 0 ||| qw: Game counter: 365
     0 | D:1      | 0 ||| qw: Always use a shield: true
     0 | D:1      | 0 ||| qw: God list: Okawaru
     0 | D:1      | 0 ||| qw: Allow faded altars: false
     0 | D:1      | 0 ||| qw: Do Orc after D:15 true
     0 | D:1      | 0 ||| qw: Do second Lair branch before Depths: true
     0 | D:1      | 0 ||| qw: Lair rune preference: random
     0 | D:1      | 0 ||| qw: Plans: Normal
     0 | D:1      | 0 ||| PLANNING D:1-11
   151 | D:1      | Reached skill level 3 in Axes
   151 | D:1      | Reached XP level 2. HP: 17/17 MP: 6/6
   349 | D:1      | 349 ||| DROPPING +0 whip.
   682 | D:1      | Reached XP level 3. HP: 19/21 MP: 7/7
   796 | D:1      | 796 ||| Stepping ~*~*~tactically~*~*~ (stealth).
   981 | D:1      | 981 ||| UPGRADING to +0 ring mail.
   991 | D:1      | 991 ||| DROPPING +0 leather armour.
   992 | D:1      | 992 ||| READING 2 scrolls labelled BUVAXO ITTI.
   993 | D:1      | 993 ||| DROPPING scroll of blinking.
  1101 | D:2      | Reached skill level 4 in Axes
  1101 | D:2      | HP: 4/21 [poisoned by an adder]
  1104 | D:2      | HP: 1/21 [poisoned by an adder]
  1105 | D:2      | Succumbed to an adder's poison

Levels and vault maps discovered:
D:1:      dpeg_arrival_tiny_c, layout_basic
D:2:      layout_loops_cross, kennysheep_donut

Skill      XL: |  1  2  3 |
---------------+----------+-----
Axes           | 3 4 |  4.1
Fighting       | |  2.0
Throwing       | |  1.0
Armour         | |  1.1
Dodging        | |  2.1
Spellcasting   | |  2.0
Translocations | |  2.4

Action                   || total
-------------------------++-------
Melee: Hand axe          ||    39
       Kick              ||     5
       Peck              ||     5
Throw: Boomerang         ||     7
  Use: Scroll            ||     1
 Stab: Distracted        ||     1
Armor: Leather armour    ||     4
       Ring mail         ||     1
Dodge: Dodged            ||    26

Table legend:
 A = Non-vault XP
 B = Vault XP
 C = Vault XP percentage of total XP
 D = Non-vault monster count
 E = Vault monster count
 F = Vault count percentage of total count
                 A         B        C        D         E       F
            +---------+---------+-------+---------+---------+-------
      Total |      52 |       0 |   0.0 |      16 |       0 |   0.0
            +---------+---------+-------+---------+---------+-------
        D:1 |      37 |       0 |   0.0 |      14 |       0 |   0.0
        D:2 |      15 |       0 |   0.0 |       2 |       0 |   0.0
            +---------+---------+-------+---------+---------+-------
